TOP OF THE 1ST |
London Majors batting - Pitching for Paris Cubs : RHP Chris P. Shephard
|
Pitching: RHP Chris P. Shephard
|
|
Batting: RHB Cormackle Poohdatoot
|
0-0: SOLO HOME RUN (Flyball, 89XD, EV 106.9 MPH), Distance : 418 ft
|
Batting: SHB Toby Patenaude
|
0-0: Ball 1-0: Ball 2-0: Called Strike 2-1: SINGLE (Groundball, 34D, EV 109.4 MPH)
|
Batting: SHB Steve Ramsey
|
0-0: Called Strike Toby Patenaude steals 2nd base 0-1: Foul Ball, location: 2F 0-2: Ball 1-2: Ball Passed Ball! Toby Patenaude to third 2-2: Reached on error, E9 (Flyball, 9D, EV 89.4 MPH) Toby Patenaude scores
|
Batting: LHB Edwin Esparza
|
0-0: Called Strike 0-1: Ball 1-1: Ball 2-1: Foul Ball, location: 2F 2-2: Foul Ball, location: 2F 2-2: Foul Ball, location: 2F 2-2: Ball 3-2: Fly out, F6 (Popup, 6M, EV 76.2 MPH)
|
Batting: RHB Cedric Nicholls
|
0-0: Ball 1-0: Ground out 4-3 (Groundball, 4, EV 89.4 MPH) Steve Ramsey to third
|
Batting: LHB Jessie Stewart
|
0-0: Ball 1-0: Called Strike 1-1: Swinging Strike 1-2: Strikes out swinging
|
Top of the 1st over - 2 runs, 2 hits, 1 error, 1 left on base; London 2 - Paris 0 |
BOTTOM OF THE 1ST |
Paris Cubs batting - Pitching for London Majors : RHP Tony Ortiz
|
Pitching: RHP Tony Ortiz
|
|
Batting: RHB Jason Banks
|
0-0: Swinging Strike 0-1: Foul Ball, location: 2F 0-2: Strikes out swinging
|
Batting: LHB Jeremy Rideout
|
0-0: Fly out, F9 (Line Drive, 89M, EV 85.0 MPH)
|
Batting: RHB Juan Tarin
|
0-0: SINGLE (Line Drive, 34D, EV 103.8 MPH)
|
Batting: LHB David Mendez
|
0-0: Ball 1-0: Ball 2-0: Foul Ball, location: 2F 2-1: Foul Ball, location: 2F 2-2: Ball 3-2: Fly out, F3 (Line Drive, 3L, EV 66.9 MPH)
|
Bottom of the 1st over - 0 runs, 1 hit, 0 errors, 1 left on base; London 2 - Paris 0 |
TOP OF THE 2ND |
London Majors batting - Pitching for Paris Cubs : RHP Chris P. Shephard
|
Batting: RHB Lewis O'Connell
|
0-0: Called Strike 0-1: Ball 1-1: Foul Ball, location: 2F 1-2: Ball 2-2: Ball 3-2: Strikes out looking
|
Batting: RHB Frank Pinksen
|
0-0: Ball 1-0: Called Strike 1-1: Ball 2-1: Called Strike 2-2: Strikes out looking
|
Batting: RHB Jerry Perez
|
0-0: Called Strike 0-1: Foul Ball, location: 2F 0-2: Ground out 6-3 (Groundball, 56, EV 81.2 MPH)
|
Top of the 2nd over - 0 runs, 0 hits, 0 errors, 0 left on base; London 2 - Paris 0 |
BOTTOM OF THE 2ND |
Paris Cubs batting - Pitching for London Majors : RHP Tony Ortiz
|
Batting: RHB Jesus Resendez
|
0-0: Called Strike 0-1: Foul Ball, location: 2F 0-2: Ball 1-2: Ball 2-2: Ground out 4-3 (Groundball, 4, EV 81.9 MPH)
|
Batting: RHB Mike Snider
|
0-0: Called Strike 0-1: Ball 1-1: Foul Ball, location: 2F 1-2: Ball 2-2: Strikes out swinging, 2-3 out at first.
|
Batting: LHB Bobby Marlatt
|
0-0: Foul Ball, location: 2F 0-1: Ball 1-1: Foul Ball, location: 2F 1-2: Strikes out swinging
|
Bottom of the 2nd over - 0 runs, 0 hits, 0 errors, 0 left on base; London 2 - Paris 0 |
TOP OF THE 3RD |
London Majors batting - Pitching for Paris Cubs : RHP Chris P. Shephard
|
Batting: RHB Cormackle Poohdatoot
|
0-0: Called Strike 0-1: Foul Ball, location: 2F 0-2: Ball 1-2: Strikes out swinging
|
Batting: SHB Toby Patenaude
|
0-0: Ball 1-0: Called Strike 1-1: Called Strike 1-2: Foul Ball, location: 2F 1-2: Fly out, F9 (Flyball, 9LS, EV 91.2 MPH)
|
Batting: SHB Steve Ramsey
|
0-0: Called Strike 0-1: Ball 1-1: Ball 2-1: Called Strike 2-2: Strikes out looking
|
Top of the 3rd over - 0 runs, 0 hits, 0 errors, 0 left on base; London 2 - Paris 0 |
BOTTOM OF THE 3RD |
Paris Cubs batting - Pitching for London Majors : RHP Tony Ortiz
|
Batting: LHB Zach Martin
|
0-0: Swinging Strike 0-1: Ball 1-1: SINGLE (Groundball, 34D, EV 100.0 MPH)
|
Batting: RHB Michihisa Tanaka
|
0-0: Called Strike 0-1: Ball 1-1: Swinging Strike 1-2: Foul Ball, location: 2F 1-2: Ball 2-2: Strikes out swinging
|
Batting: RHB Jason Banks
|
0-0: Ball 1-0: Foul Ball, location: 2F 1-1: Ball 2-1: Swinging Strike 2-2: SINGLE (Groundball, 34D, EV 95.6 MPH) Zach Martin to second Runner from 2nd tries for 3rd, SAFE, throw by RF made to third
|
Batting: LHB Jeremy Rideout
|
0-0: Fly out, F9 (Flyball, 9LD, EV 109.4 MPH) Runner from 3rd tags up, SCORES, no throw by RF
|
Batting: RHB Juan Tarin
|
0-0: Ball 1-0: Called Strike Jason Banks is caught stealing 2nd base 2-4
|
Bottom of the 3rd over - 1 run, 2 hits, 0 errors, 0 left on base; London 2 - Paris 1 |
TOP OF THE 4TH |
London Majors batting - Pitching for Paris Cubs : RHP Chris P. Shephard
|
Batting: LHB Edwin Esparza
|
0-0: Foul Ball, location: 2F 0-1: Ball 1-1: Swinging Strike 1-2: Foul Ball, location: 2F 1-2: Strikes out swinging
|
Batting: RHB Cedric Nicholls
|
0-0: Ball 1-0: Ball 2-0: Called Strike 2-1: SINGLE (Groundball, 56, EV 98.8 MPH)
|
Batting: LHB Jessie Stewart
|
0-0: Reached on error, E3 (Groundball, 3, EV 110.6 MPH) Cedric Nicholls to second
|
Batting: RHB Lewis O'Connell
|
0-0: Swinging Strike 0-1: Swinging Strike 0-2: Strikes out swinging
|
Batting: RHB Frank Pinksen
|
0-0: Ball 1-0: Swinging Strike 1-1: Foul Ball, location: 2F 1-2: Strikes out swinging
|
Top of the 4th over - 0 runs, 1 hit, 1 error, 2 left on base; London 2 - Paris 1 |
BOTTOM OF THE 4TH |
Paris Cubs batting - Pitching for London Majors : RHP Tony Ortiz
|
Batting: RHB Juan Tarin
|
0-0: Called Strike 0-1: Called Strike 0-2: Ball 1-2: Foul Ball, location: 2F 1-2: Ball 2-2: Fly out, F9 (Flyball, 9, EV 91.2 MPH)
|
Batting: LHB David Mendez
|
0-0: Ball 1-0: Ball 2-0: Swinging Strike 2-1: Ball 3-1: Base on Balls
|
Batting: RHB Jesus Resendez
|
0-0: Called Strike 0-1: Foul Ball, location: 2F 0-2: Strikes out looking
|
Batting: RHB Mike Snider
|
0-0: Fly out, F8 (Flyball, 89M, EV 88.8 MPH)
|
Bottom of the 4th over - 0 runs, 0 hits, 0 errors, 1 left on base; London 2 - Paris 1 |
TOP OF THE 5TH |
London Majors batting - Pitching for Paris Cubs : RHP Chris P. Shephard
|
Batting: RHB Jerry Perez
|
0-0: Fly out, F9 (Line Drive, 89D, EV 94.4 MPH)
|
Batting: RHB Cormackle Poohdatoot
|
0-0: Ball 1-0: Foul Ball, location: 2F 1-1: Ball 2-1: Ball 3-1: Base on Balls
|
Batting: SHB Toby Patenaude
|
0-0: Called Strike 0-1: Foul Ball, location: 2F 0-2: Ball 1-2: SINGLE (Line Drive, 9S, EV 106.2 MPH) Cormackle Poohdatoot to second
|
Batting: SHB Steve Ramsey
|
0-0: Called Strike 0-1: Ball 1-1: Swinging Strike 1-2: Strikes out swinging
|
Pitching: RHP Brendan Malzone
|
|
Batting: LHB Edwin Esparza
|
0-0: Foul Ball, location: 2F 0-1: Foul Ball, location: 2F 0-2: Ball 1-2: Ball 2-2: Ball 3-2: SINGLE (Groundball, 34D, EV 101.9 MPH) Cormackle Poohdatoot to third Toby Patenaude to second Cormackle Poohdatoot scores Toby Patenaude to third
|
Batting: RHB Mel Bohorquez
|
0-0: Ball Passed Ball! Toby Patenaude scores Edwin Esparza to second 1-0: Foul Ball, location: 2F 1-1: Swinging Strike 1-2: Ball 2-2: Ball 3-2: Foul Ball, location: 2F 3-2: Base on Balls
|
Batting: LHB Jessie Stewart
|
0-0: Foul Ball, location: 2F 0-1: Ball 1-1: Called Strike 1-2: Foul Ball, location: 2F 1-2: Strikes out swinging
|
Top of the 5th over - 2 runs, 2 hits, 0 errors, 2 left on base; London 4 - Paris 1 |
BOTTOM OF THE 5TH |
Paris Cubs batting - Pitching for London Majors : RHP Tony Ortiz
|
Batting: LHB Bobby Marlatt
|
0-0: Foul Ball, location: 2F 0-1: Foul Ball, location: 2F 0-2: Strikes out swinging
|
Batting: LHB Zach Martin
|
0-0: Called Strike 0-1: SINGLE (Line Drive, 4MD, EV 103.1 MPH)
|
Batting: RHB Michihisa Tanaka
|
0-0: Swinging Strike 0-1: Called Strike 0-2: Fly out, F8 (Flyball, 78S, EV 79.4 MPH)
|
Batting: RHB Jason Banks
|
0-0: Ball 1-0: Called Strike 1-1: Swinging Strike 1-2: Strikes out swinging, 2-3 out at first.
|
Bottom of the 5th over - 0 runs, 1 hit, 0 errors, 1 left on base; London 4 - Paris 1 |
TOP OF THE 6TH |
London Majors batting - Pitching for Paris Cubs : RHP Brendan Malzone
|
Batting: RHB Lewis O'Connell
|
0-0: Foul Ball, location: 2F 0-1: Ball 1-1: Bunt missed! 1-2: Ball 2-2: Ground out 6-3 (Groundball, 6, EV 95.0 MPH)
|
Batting: RHB Frank Pinksen
|
0-0: Called Strike 0-1: Swinging Strike 0-2: Ball 1-2: Strikes out swinging
|
Pinch Hitting: RHB Manny Corral
|
0-0: Ball 1-0: Ball 2-0: Called Strike 2-1: Ball 3-1: Base on Balls
|
Pinch Hitting: RHB Carlos Murillo
|
0-0: Ball 1-0: Called Strike 1-1: Ball 2-1: DOUBLE (Line Drive, 9LM, EV 94.4 MPH) Manny Corral to third
|
Batting: SHB Toby Patenaude
|
0-0: Swinging Strike 0-1: Ball 1-1: DOUBLE (Flyball, 5D, EV 96.2 MPH) Manny Corral scores Carlos Murillo scores
|
Batting: SHB Steve Ramsey
|
0-0: Ball Wild Pitch! Toby Patenaude to third 1-0: Fly out, F4 (Line Drive, 4, EV 78.1 MPH)
|
Top of the 6th over - 2 runs, 2 hits, 0 errors, 1 left on base; London 6 - Paris 1 |
BOTTOM OF THE 6TH |
Paris Cubs batting - Pitching for London Majors : RHP Tony Ortiz
|
Now at 1B: Joy-shan Li
|
|
Now at 3B: Carlos Murillo
|
|
Batting: LHB Jeremy Rideout
|
0-0: Called Strike 0-1: SINGLE (Groundball, 4MD, EV 106.2 MPH)
|
Batting: RHB Juan Tarin
|
0-0: Ball 1-0: Called Strike 1-1: Ball 2-1: Ball 3-1: DOUBLE (Line Drive, 89XD, EV 104.4 MPH) Jeremy Rideout to third
|
Batting: LHB David Mendez
|
0-0: Ball 1-0: Foul Ball, location: 2F 1-1: Foul Ball, location: 2F 1-2: Strikes out looking
|
Batting: RHB Jesus Resendez
|
0-0: Called Strike 0-1: Swinging Strike 0-2: Ball 1-2: Strikes out looking
|
Batting: RHB Mike Snider
|
0-0: Called Strike 0-1: Ball 1-1: Swinging Strike 1-2: Foul Ball, location: 2F 1-2: Strikes out swinging
|
Bottom of the 6th over - 0 runs, 2 hits, 0 errors, 2 left on base; London 6 - Paris 1 |
TOP OF THE 7TH |
London Majors batting - Pitching for Paris Cubs : RHP Brendan Malzone
|
Batting: LHB Edwin Esparza
|
0-0: Foul Ball, location: 2F 0-1: Ball 1-1: Foul Ball, location: 2F 1-2: Ball 2-2: Foul Ball, location: 2F 2-2: Ball 3-2: Fly out, F8 (Flyball, 8LXD, EV 100.6 MPH)
|
Pitching: RHP Justin Rodrigues
|
|
Batting: RHB Mel Bohorquez
|
0-0: Called Strike 0-1: Ball 1-1: Foul Ball, location: 2F 1-2: Ball 2-2: Foul Ball, location: 2F 2-2: Foul Ball, location: 2F 2-2: Reached on error, E5 (Groundball, 56, EV 83.8 MPH)
|
Batting: LHB Jessie Stewart
|
0-0: Ball 1-0: Called Strike 1-1: Called Strike 1-2: Strikes out swinging
|
Pinch Hitting: SHB Joe Loveless
|
0-0: Called Strike 0-1: Ball 1-1: Called Strike 1-2: Strikes out swinging
|
Top of the 7th over - 0 runs, 0 hits, 1 error, 1 left on base; London 6 - Paris 1 |
BOTTOM OF THE 7TH |
Paris Cubs batting - Pitching for London Majors : RHP Tony Ortiz
|
Now at SS: Hanley Hernandez
|
|
Batting: LHB Bobby Marlatt
|
0-0: Ball 1-0: Ball 2-0: Ball 3-0: Base on Balls
|
Batting: LHB Zach Martin
|
0-0: Ball 1-0: Ball 2-0: Swinging Strike 2-1: Swinging Strike 2-2: Foul Ball, location: 2F 2-2: Fly out, F8 (Flyball, 78M, EV 88.1 MPH)
|
Pitching: RHP Marcus Reiling
|
|
Batting: RHB Michihisa Tanaka
|
0-0: Ball 1-0: Called Strike 1-1: Ball 2-1: Called Strike 2-2: Strikes out swinging
|
Batting: RHB Jason Banks
|
0-0: Foul Ball, location: 2F 0-1: Ball 1-1: Foul Ball, location: 2F 1-2: Ball 2-2: Strikes out looking
|
Bottom of the 7th over - 0 runs, 0 hits, 0 errors, 1 left on base; London 6 - Paris 1 |
TOP OF THE 8TH |
London Majors batting - Pitching for Paris Cubs : RHP Justin Rodrigues
|
Batting: RHB Frank Pinksen
|
0-0: SOLO HOME RUN (Line Drive, 7D, EV 103.1 MPH), Distance : 388 ft
|
Batting: RHB Joy-shan Li
|
0-0: Called Strike 0-1: Ball 1-1: Ground out 6-3 (Groundball, 6, EV 106.9 MPH)
|
Batting: RHB Carlos Murillo
|
0-0: Ball 1-0: Foul Ball, location: 2F 1-1: Ball 2-1: Fly out, F8 (Flyball, 8LM, EV 81.9 MPH)
|
Batting: SHB Toby Patenaude
|
0-0: Ball 1-0: Foul Ball, location: 2F 1-1: Foul Ball, location: 2F 1-2: Reached on error, E4 (Groundball, 4, EV 96.9 MPH)
|
Batting: SHB Steve Ramsey
|
0-0: Ball 1-0: Called Strike 1-1: Called Strike 1-2: Hit by Pitch Toby Patenaude to second
|
Batting: LHB Edwin Esparza
|
0-0: Foul Ball, location: 2F 0-1: Fly out, F8 (Flyball, 8LS, EV 96.2 MPH)
|
Top of the 8th over - 1 run, 1 hit, 1 error, 2 left on base; London 7 - Paris 1 |
BOTTOM OF THE 8TH |
Paris Cubs batting - Pitching for London Majors : RHP Marcus Reiling
|
Batting: LHB Jeremy Rideout
|
0-0: Called Strike 0-1: Ball 1-1: Ball 2-1: Foul Ball, location: 2F 2-2: Strikes out swinging
|
Batting: RHB Juan Tarin
|
0-0: Foul Ball, location: 2F 0-1: Foul Ball, location: 2F 0-2: Hit by Pitch
|
Batting: LHB David Mendez
|
0-0: Ball 1-0: Called Strike 1-1: Called Strike 1-2: Strikes out looking
|
Pinch Hitting: LHB Tyler Schuettler
|
0-0: Ball 1-0: Called Strike 1-1: Called Strike 1-2: Ground out U3 (Groundball, 3, EV 111.2 MPH)
|
Bottom of the 8th over - 0 runs, 0 hits, 0 errors, 1 left on base; London 7 - Paris 1 |
TOP OF THE 9TH |
London Majors batting - Pitching for Paris Cubs : RHP Justin Rodrigues
|
Now in RF: Jonathon Lewis
|
|
Batting: RHB Mel Bohorquez
|
0-0: Ball 1-0: Foul Ball, location: 2F 1-1: Ball 2-1: Ball 3-1: Swinging Strike 3-2: Fly out, F8 (Flyball, 8RD, EV 90.0 MPH)
|
Batting: LHB Jessie Stewart
|
0-0: Ball 1-0: Ball 2-0: Fly out, F7 (Line Drive, 78M, EV 87.5 MPH)
|
Pinch Hitting: RHB Chad Colyer
|
0-0: Ball 1-0: Called Strike 1-1: Foul Ball, location: 2F 1-2: Foul Ball, location: 2F 1-2: Foul Ball, location: 2F 1-2: Ball 2-2: Ball 3-2: Ground out 5-3 (Groundball, 56S, EV 87.5 MPH)
|
Top of the 9th over - 0 runs, 0 hits, 0 errors, 0 left on base; London 7 - Paris 1 |
BOTTOM OF THE 9TH |
Paris Cubs batting - Pitching for London Majors : RHP Marcus Reiling
|
Now at 2B: Mike Vaughan
|
|
Now at SS: Toby Patenaude
|
|
Batting: RHB Mike Snider
|
0-0: Called Strike 0-1: Swinging Strike 0-2: Strikes out swinging
|
Batting: LHB Bobby Marlatt
|
0-0: Ball 1-0: Fly out, F8 (Flyball, 8LD, EV 104.4 MPH)
|
Batting: LHB Zach Martin
|
0-0: Called Strike 0-1: Ball 1-1: Foul Ball, location: 2F 1-2: Strikes out swinging
|
Bottom of the 9th over - 0 runs, 0 hits, 0 errors, 0 left on base; London 7 - Paris 1 |
|